 Dungeon Crawl Stone Soup version 0.31-a0-233-g139696dc86 (webtiles) character file.

Game seed: 12075777188116806568

2518 olmar the Martial Artist (level 9, -1/97 HPs)
             Began as a Merfolk Transmuter on July 10, 2023.
             Succumbed to a hornet's poison
             ... on level 7 of the Dungeon.
             The game lasted 00:16:30 (10214 turns).

olmar the Martial Artist (Merfolk Transmuter)      Turns: 10214, Time: 00:16:30

Health: -1/97      AC:  4    Str: 10    XL:     9   Next: 54%
Magic:  13/15      EV: 15    Int: 17    God:
Gold:   586        SH:  0    Dex: 14    Spells: 10/16 levels left

rFire   . .          .
                       - Unarmed
rCold   . . .        (no shield)
rNeg    . . .        a - +1 robe
rPois   .            l - melded +2 helmet
rElec   .            (no cloak)
rCorr   .            i - +0 pair of gloves
SInv    .            f - melded +0 pair of boots
Will    .....        (no amulet) Stlth
                     (no ring)
HPRegen 0.36/turn    (no ring)
MPRegen 0.14/turn

%: no passive effects
@: berserking, lethally poisoned (-1 -> -12), appendages, wereblooded, slowed
A: horns 2, (nimble swimmer 2), mertail
a: End Transformation


You were on level 7 of the Dungeon.
You had temporarily grown beastly horns.
You visited 2 branches of the dungeon, and saw 8 of its levels.
You also visited: Ossuary.

You collected 586 gold pieces.

Inventory:

Hand Weapons
 t - a +0 whip of electrocution
 w - a +0 short sword of flaming
Missiles
 e - 14 poisoned darts (quivered)
 y - 6 boomerangs
Armour
 a - a +1 robe (worn)
 f - a +0 pair of boots (melded)
 i - a +0 pair of gloves (worn)
 l - a +2 helmet (melded)
Wands
 p - a wand of digging (5)
Scrolls
 d - 2 scrolls of poison
 h - 2 scrolls of teleportation
 n - 2 scrolls of fear {unknown}
 o - 2 scrolls of vulnerability
 r - 2 scrolls of enchant weapon
 s - 2 scrolls of torment
 B - a scroll of noise {unknown}
Potions
 c - a potion of mutation
 g - a potion of brilliance
 j - a potion of enlightenment
 k - 2 potions of degeneration {unknown}
 m - 2 potions of attraction
 u - 3 potions of curing {unknown}
 z - 2 potions of invisibility {unknown}


   Skills:
 + Level 3.8 Fighting
 + Level 7.4 Dodging
 + Level 9.4 Unarmed Combat
 + Level 4.4 Spellcasting
 + Level 8.1 Transmutations


You had 10 spell levels left.
You knew the following spells:

 Your Spells              Type           Power      Damage    Failure   Level
a - Beastly Appendage     Tmut           62%        N/A       1%          1
b - Wereblood             Tmut           31%        N/A       1%          2
c - Spider Form           Tmut/Pois      17%        N/A       9%          3

Your spell library contained the following spells:

 Spells                   Type           Power      Damage    Failure   Level
 Magic Dart               Conj           12%        1d3       16%         1
 Ignite Poison            Fire/Tmut/Pois 12%        N/A       16%         3
 Cigotuvi's Dreadful Rot  Necr/Pois/Air  6%         N/A       22%         2
 Searing Ray              Conj           6%         2d4       22%         2
 Ice Form                 Ice/Tmut       17%        N/A       28%         4
 Stone Arrow              Conj/Erth      6%         3d7       41%         3
 Animate Armour           Summ/Erth      6%         N/A       83%         4
 Fulminant Prism          Conj/Hex       1%         3d5       83%         4
 Freezing Cloud           Conj/Ice/Air   1%         6-21      99%         5
 Lehudib's Crystal Spear  Conj/Erth      1%         10d2      100%        8


Dungeon Overview and Level Annotations

Branches:
Dungeon (7/15)             Temple (1/1) D:6         Ossuary (visited)

Altars:
Ashenzari
Cheibriados
Dithmenos
Elyvilon
Fedhas
Hepliaklqana
Qazlal
Ru
Sif Muna
Uskayaw
Vehumet
Xom
Yredelemnul
Zin
The Shining One

Shops:
D:4 (

Annotations:
D:6 1 runed translucent door, Crazy Yiuf


Innate Abilities, Weirdness & Mutations

You have temporarily grown beastly horns.
((You are very nimble when in or above water. (Stealth+, EV+, Speed+++)))
Your lower body shifts to a powerful aquatic tail in water.


Message History

The hornet resists with significant effort.
The now-empty wand crumbles to dust.
Unknown command.
Unknown command.
You hit the hornet. Your headbutt misses the hornet.
The hornet is lightly wounded.
The hornet stings you!
You are poisoned.
You feel yourself slow down. The hornet misses you.
Unknown command.
You hit the hornet.
The hornet is moderately wounded.
You feel very sick. The hornet stings you!
You feel as though you will be slow longer.
The hornet barely misses you.
Unknown command.
You punch the hornet!
You headbutt the hornet, but do no damage.
The hornet is heavily wounded.
You howl as the wereblood boils in your veins!
You feel sick. The hornet stings you.
You feel as though you will be slow longer.
The hornet stings you!
* * * LOW HITPOINT WARNING * * *
You are more poisoned.
You feel as though you will be slow longer.
A red film seems to cover your vision as you go berserk!
You feel yourself moving faster!
You feel mighty!
You howl as the wereblood boils in your veins!
You feel very sick. The hornet stings you!
* * * LOW HITPOINT WARNING * * *
You feel as though you will be slow longer.
The hornet stings you!
* * * LOW HITPOINT WARNING * * *
You feel as though you will be slow longer.
You hit the hornet.
The hornet is severely wounded.
You die...

#..........#
#..
.##<.<.##...#
#..
..#...####.##
##..
#....#####.#
#..#
#.......##.#
##.#
...........#
..#
...........#
...#
...........#
....#
........@..#
.....#
##.....yT.##
......#
#.........#
.....Y..
...........# .
............
............
....((.......
..............


You could see a troll and a hornet.

Vanquished Creatures
  A wyvern (D:7)
  Eustachio (D:6)
  A steam dragon (D:6)
  A water moccasin (D:6)
  An orc warrior (D:7)
  2 sky beasts
  An ogre (D:3)
  6 phantoms
  2 scorpions
  A howler monkey (D:6)
  3 hounds
  5 orc priests
  A jelly (D:4)
  Jessica (D:3)
  3 iguanas
  Natasha (D:3)
  9 orc wizards
  8 mummies (Ossuary)
  Robin (D:2)
  4 gnolls (D:2)
  9 adders
  A white imp (D:6)
  3 worms
  2 dart slugs
  28 orcs
  7 bats
  6 endoplasms
  A giant cockroach (D:2)
  15 goblins
  12 hobgoblins
  8 jackals
  5 kobolds
  3 quokkas
  9 ball pythons
  5 frilled lizards
  A gnoll zombie (Ossuary)
  A hobgoblin zombie (Ossuary)
  5 kobold zombies (Ossuary)
  An orc zombie (Ossuary)
  4 rats
179 creatures vanquished.

Vanquished Creatures (others)
  A white imp (D:6)
  An orc (D:6)
2 creatures vanquished.

Grand Total: 181 creatures vanquished

Notes
Turn   | Place    | Note
-------+----------+-------------------------------------------
     0 | D:1      | olmar the Merfolk Transmuter began the quest for the Orb.
     0 | D:1      | Reached XP level 1. HP: 15/15 MP: 3/3
    94 | D:1      | Reached XP level 2. HP: 18/21 MP: 5/5
   228 | D:1      | Learned a level 2 spell: Wereblood
   709 | D:1      | Reached XP level 3. HP: 21/26 MP: 6/6
  1199 | D:2      | Found a shimmering altar of Xom.
  1233 | D:2      | Reached skill level 4 in Unarmed Combat
  1366 | D:2      | Learned a level 3 spell: Spider Form
  1763 | D:2      | Reached XP level 4. HP: 32/32 MP: 4/7
  1919 | D:2      | Reached XP level 5. HP: 37/37 MP: 5/8
  2054 | D:2      | Reached skill level 5 in Unarmed Combat
  2820 | D:3      | Noticed Robin
  3182 | D:2      | Killed Robin
  3208 | D:2      | Reached XP level 6. HP: 23/43 MP: 9/9
  3486 | D:3      | Found a broken altar of Ashenzari.
  3979 | D:3      | Reached skill level 5 in Transmutations
  4277 | D:3      | Found a hazy altar of Hepliaklqana.
  4278 | D:3      | Found a shadowy altar of Dithmenos.
  4278 | D:3      | Noticed a shadow
  4316 | D:3      | Noticed Jessica
  4321 | D:3      | Noticed Natasha
  4326 | D:3      | Killed Jessica
  4327 | D:3      | Reached skill level 6 in Unarmed Combat
  4330 | D:3      | Found a shimmering blue altar of Sif Muna.
  4335 | D:3      | Killed Natasha
  4610 | D:4      | Reached XP level 7. HP: 10/51 MP: 8/10
  4734 | D:4      | Reached skill level 5 in Dodging
  4881 | D:4      | Reached skill level 7 in Unarmed Combat
  4970 | D:4      | Found Lainut's Weapon Shoppe.
  5018 | D:4      | Found a sand-covered staircase.
  5024 | Ossuary  | Entered an ossuary
  5095 | Ossuary  | Reached XP level 8. HP: 56/57 MP: 11/11
  5681 | D:5      | Entered Level 5 of the Dungeon
  7033 | D:6      | Reached skill level 8 in Unarmed Combat
  7624 | D:6      | Found a staircase to the Ecumenical Temple.
  7641 | Temple   | Entered the Ecumenical Temple
  8034 | D:6      | HP: 4/87 [something (2)]
  8036 | D:6      | Reached XP level 9. HP: 4/64 MP: 14/14
  8817 | D:6      | Reached skill level 9 in Unarmed Combat
  9056 | D:6      | Found a glowing silver altar of Zin.
  9056 | D:6      | Found a basalt altar of Yredelemnul.
  9126 | D:6      | Found a runed translucent door.
  9127 | D:6      | Noticed Crazy Yiuf
  9172 | D:6      | Noticed Eustachio
  9202 | D:6      | Killed Eustachio
  9574 | D:7      | Found a radiant altar of Vehumet.
 10205 | D:7      | Noticed a hornet
 10208 | D:7      | Noticed a troll
 10213 | D:7      | HP: 1/97 [hornet (14)]
 10214 | D:7      | Succumbed to a hornet's poison

Illustrated notes

Levels and vault maps discovered:
D:1:      dpeg_arrival_windows_large_door, layout_loops_ring,
          serial_park_tiny_2, minmay_misc_feat_alley, minivault_14,
          corexii_hall_statues_i, minmay_misc_feat_secret_circle, minivault_27,
          chequers_garden, minmay_door_square, minivault_23,
          minmay_misc_feat_hallway, hangedman_decor_lopped,
          serial_bayou_lagoon_a
D:2:      layout_basic, basic_altar, guppyfry_early_orc_mine
D:3:      layout_rooms, riverfiend_overflow_shadow_ancestor, tgw_sif,
          mainiacjoe_overflow_concentric_impassable, grunt_decor_fettered,
          uniq_natasha, uniq_robin
D:4:      layout_gridville, serial_shops, nicolae_shop_advertising_works
          [nicolae_subvault_shop_adworks], nicolae_ossuary_entry_plus,
          minmay_cupped
D:5:      layout_layer_cave, chequers_avenue, chequers_serial_rivers_marsh
D:6:      minmay_flawed_box, layout_rooms, gammafunk_temple_overflow_wave,
          minmay_temple_entry_glassed_door, uniq_crazy_yiuf_cottage,
          uniq_eustachio
D:7:      layout_cave_pools, mainiacjoe_overflow_paths, trog_book
Temple:   nicolae_temple_bog_church

Skill      XL: |  1  2  3  4  5  6  7  8  9 |
---------------+----------------------------+-----
Transmutations | 3 4 5 6 7 8 |  8.1
Dodging        | 3 4 5 6 7 |  7.4
Unarmed Combat | 4 5 6 7 8 9 |  9.4
Fighting       | 2 3 |  3.8
Spellcasting   | 3 4 |  4.4

Action                     |  1- 3 |  4- 6 |  7- 9 || total
---------------------------+-------+-------+-------++-------
  Melee: Unarmed           |   116 |   182 |   328 ||   626
         Headbutt          |    10 |    24 |    61 ||    95
         Tailslap          |     2 |       |       ||     2
         Punch             |     2 |     5 |    19 ||    26
  Throw: Dart              |       |     8 |    12 ||    20
   Cast: Beastly Appendage |    18 |    22 |    35 ||    75
         Wereblood         |     1 |    17 |    26 ||    44
  Evoke: Wand              |       |       |     7 ||     7
    Use: Potion            |       |     1 |    10 ||    11
         Scroll            |       |    10 |     7 ||    17
 Armour: Robe              |    18 |    23 |    50 ||    91
         Skin              |       |     6 |     4 ||    10
  Dodge: Dodged            |    88 |   131 |   211 ||   430

Table legend: (Time is in decaauts)
 A = Elapsed time spent in this place.
 B = Non-inter-level travel time spent in this place.
 C = Inter-level travel time spent in this place.
 D = Time resting spent in this place.
 E = Time spent auto-exploring this place.
 F = Levels seen in this place.
 G = Mean time per level.
                   A        B        C        D        E       F      G
               +--------+--------+--------+--------+--------+-----+--------+
         Total |  10092 |   9824 |    268 |   3685 |   4003 |   9 | 1121.3 |
       Dungeon |   9733 |   9482 |    251 |   3685 |   3772 |   7 | 1390.4 |
        Temple |    170 |    154 |     16 |      0 |    148 |   1 |  170.0 |
       Ossuary |    188 |    188 |      0 |      0 |     83 |   1 |  188.0 |
               +--------+--------+--------+--------+--------+-----+--------+

Top non-repeatable levels by time:
     D:6: 2201 daAuts
     D:2: 2131 daAuts
     D:5: 1446 daAuts
     D:3: 1242 daAuts
     D:1: 1177 daAuts
     D:4: 887 daAuts
     D:7: 646 daAuts
 Ossuary: 188 daAuts
  Temple: 170 daAuts
